 Dungeon Crawl Stone Soup version 0.28.0 (webtiles) character file.

Game seed: 11418384145500111468

4828 Akaron the Arsonist (level 10, -4/58 HPs)
             Began as an Octopode Fire Elementalist on Feb 13, 2022.
             Was an Initiate of Gozag.
             Slain by an orc warlord (26 damage)
             ... in a bailey.
             The game lasted 00:36:17 (12272 turns).

Akaron the Arsonist (Octopode Fire Elementalist)   Turns: 12272, Time: 00:36:17

Health: -4/58      AC:  9    Str: 14    XL:     10   Next: 49%
Magic:  22/22      EV: 14    Int: 21    God:    Gozag
Gold:   1194       SH:  0    Dex: 19    Spells: 16/26 levels left

rFire   + . .      SeeInvis .     - Unarmed
rCold   x . .      Faith    .   (no shield)
rNeg    . . .      Spirit   .   (helmet restricted)
rPois   .          Reflect  .   (no amulet)
rElec   .          Harm     .   v - +4 ring of protection
rCorr   .          Rampage  .   y - +4 ring of protection
Will    .....                   C - +6 ring of dexterity
Stlth   ++++......              D - +6 ring of strength
HPRegen 0.19/turn               e - ring of fire
MPRegen 0.18/turn               (no ring)
                                (no ring)
                                (no ring)

@: no status effects
A: almost no armour, amphibious, 8 rings, camouflage 1, gelatinous body 1,
(nimble swimmer 1), tentacles
a: Renounce Religion, Potion Petition, Call Merchant, Bribe Branch


You were in a bailey.
You worshipped Gozag.
Gozag was most pleased with you.
You visited 1 branch of the dungeon, and saw 9 of its levels.
You also visited: Bailey.

You collected 1212 gold pieces.
You paid 18 gold pieces to Gozag.

Inventory:

Missiles
 f - 6 curare-tipped darts
Jewellery
 e - a ring of fire (on tentacle)
 v - a +4 ring of protection (left tentacle)
 y - a +4 ring of protection (right tentacle)
 C - a +6 ring of dexterity (on tentacle)
 D - a +6 ring of strength (on tentacle)
Wands
 l - a wand of flame (13)
 o - a wand of acid (5)
 x - a wand of iceblast (18)
 A - a wand of digging (11)
Scrolls
 a - 3 scrolls of fear
 b - 2 scrolls of amnesia {unknown}
 d - 4 scrolls of magic mapping {unknown}
 g - 4 scrolls of blinking
 h - a scroll of teleportation {unknown}
 k - 2 scrolls of enchant armour {unknown}
 n - 2 scrolls of fog {unknown}
 r - 2 scrolls of immolation {unknown}
 s - a scroll of torment {unknown}
 u - a scroll of enchant weapon {unknown}
 B - a scroll of noise {unknown}
 E - 2 scrolls of summoning {unknown}
Potions
 c - a potion of heal wounds
 i - 3 potions of curing
 j - 3 potions of cancellation
 m - 2 potions of degeneration {unknown}
 p - 2 potions of flight {unknown}
 q - 2 potions of attraction {unknown}
 t - 3 potions of haste {unknown}
 w - a potion of brilliance {unknown}
 z - 2 potions of mutation {unknown}


   Skills:
 + Level 1.1 Fighting
 + Level 3.1 Dodging
 + Level 5.6 Stealth
 + Level 1.0 Unarmed Combat
 + Level 8.9 Spellcasting
 + Level 6.5 Conjurations
 + Level 9.1 Fire Magic
 + Level 1.4 Evocations


You had 16 spell levels left.
You knew the following spells:

 Your Spells              Type           Power      Damage    Failure   Level
a - Foxfire               Conj/Fire      100%       2x1d9     1%          1
b - Scorch                Fire           100%       2d10      1%          2
c - Conjure Flame         Conj/Fire      59%        6-21      1%          3
d - Flame Wave            Conj/Fire      59%        2d11      3%          4

Your spell library contained the following spells:

 Spells                   Type           Power      Damage    Failure   Level
 Inner Flame              Hex/Fire       42%        N/A       3%          3
 Slow                     Hex            36%        N/A       8%          1
 Confusing Touch          Hex            9%         N/A       22%         3
 Vampiric Draining        Necr           9%         2d6       22%         3


Dungeon Overview and Level Annotations

Branches:
Dungeon (9/15)             Temple (0/1) D:4            Lair (0/6) D:8
 Bailey (1/1)
    Orc: D:9-12

Altars:
Fedhas
Gozag
Kikubaaqudgha
Nemelex Xobeh
Qazlal
Uskayaw
Vehumet
Xom
Yredelemnul
Zin

Shops:
D:3 *[

Annotations:
D:8 exclusion: oklob sapling


Innate Abilities, Weirdness & Mutations

You cannot wear most types of armour.
You are amphibious.
You can wear up to eight rings at the same time.
Your skin changes colour to match your surroundings (Stealth+).
Your rubbery body absorbs attacks. (AC +1, EV +1)
((You are camouflaged when in or above water. (Stealth+)))
You have tentacles for arms and can constrict up to eight enemies at once.


Message History

You see here a boomerang.
You see here 2 boomerangs.
Things that are here:
a +0 war axe; a +0 plate armour; a boomerang The orc warlord hits you with a +0 war axe!!
You see here 2 boomerangs.
There is an open door here.
There is an open door here.
There is an open door here.
You see here a boomerang.
There is an open door here.
You see here a boomerang.
You see here 2 boomerangs.
Things that are here:
a +0 war axe; a +0 plate armour; a boomerang You see here 2 boomerangs.
There is an open door here.
There is an open door here.
There is an open door here.
You see here a boomerang.
Casting: Conjure Flame (safe; 1% risk of failure)
Confirm with . or Enter, or press ? or * to list all spells.
You feel a surge of power!
The fire begins to smoulder!
The orc warlord smothers the flame.
There is an open door here.
You see here a boomerang.
You see here 2 boomerangs.
Things that are here:
a +0 war axe; a +0 plate armour; a boomerang
There is an open door here.
There is an open door here.
There is an open translucent gate here.
You see here a lumpy black potion.
t - 3 lumpy black potions (gained 1)
The goblin hits you with a +0 hand axe.
The orc warlord hits you with a +0 war axe!!
Ouch! That really hurt!
The orc warlord hits you with a +0 war axe!!
You die...
Your body crumbles into a pile of gold.

##...##.........##...##≈≈≈♣♣
##.....##)......##.....##≈≈≈♣♣
##.......##≈≈≈≈≈##...8...##≈≈≈♣
##..8..8...#≈≈≈≈≈#.........##≈≈♣
#..........#≈≈≈≈≈#..........#≈≈♣
#..........'.....'....8..8..#≈≈♣
#...8......#########(.......#≈≈♣
##......####≈≈≈#≈≈≈##......##≈≈♣
##.....#≈≈#≈...@g[≈#..(..##...♣
##....#≈.......o.≈#...)##....♣
#...##≈8.8...8.8##....#.....♣♣
#...'≈≈.........#.....'......♣
#...'≈≈....∩....#.....'...∩.∩♣
#...'≈≈.........#.....'......♣
#...##≈8.8...8.8##....#.....♣♣
##....#≈........?≈#...)##....♣
##.....#≈≈#≈.....=≈#.(...##...♣


You could see an orc warlord and a goblin.

Vanquished Creatures
  An orc knight (Bailey)
  A hornet (D:8)
  Sigmund (D:3)
  Eustachio (D:6)
  A warg (D:8)
  2 water moccasins
  5 orc warriors
  A sky beast (D:7)
  5 ice beasts
  2 necrophages
  3 ogres
  A centaur (D:5)
  2 bullfrogs
  4 scorpions
  11 killer bees
  6 wights
  3 electric eels (D:7)
  A centaur zombie (D:8)
  3 hounds
  A centaur skeleton (D:5)
  2 orc priests
  2 jellies
  A bullfrog skeleton (D:5)
  3 iguanas
  Terence (D:3)
  5 orc wizards
  Robin (D:3)
  11 adders
  5 gnolls
  2 shadow imps
  3 white imps
  An adder zombie (D:3)
  3 worms
  3 dart slugs
  9 orcs
  6 endoplasms
  4 giant cockroaches
  20 goblins
  15 hobgoblins
  7 jackals (D:4)
  4 quokkas
  12 ball pythons
  A ball python zombie (D:3)
  5 bats
  A frilled lizard (D:1)
  11 kobolds
  5 rats
198 creatures vanquished.

Vanquished Creatures (collateral kills)
  3 foxfires
3 creatures vanquished.

Vanquished Creatures (others)
  789 foxfires
  11 plants (D:8)
800 creatures vanquished.

Grand Total: 1001 creatures vanquished

Notes
Turn   | Place    | Note
-------+----------+-------------------------------------------
     0 | D:1      | Akaron the Octopode Fire Elementalist began the quest for
                  | the Orb.
     0 | D:1      | Reached XP level 1. HP: 11/11 MP: 3/3
   332 | D:1      | Reached XP level 2. HP: 17/17 MP: 0/5
   389 | D:1      | Learned a level 2 spell: Scorch
  1218 | D:1      | Reached XP level 3. HP: 17/21 MP: 2/6
  1222 | D:1      | Learned a level 3 spell: Conjure Flame
  1815 | D:2      | Found a faded altar of an unknown god.
  1851 | D:2      | You fall into a shaft and drop 1 floor!
  1902 | D:3      | Found a basalt altar of Yredelemnul.
  1930 | D:3      | Found an ancient bone altar of Kikubaaqudgha.
  1937 | D:3      | Found Gozag's Platinum Reserve.
  1949 | D:3      | Reached XP level 4. HP: 27/27 MP: 5/8
  1986 | D:3      | Found an opulent altar of Gozag.
  2101 | D:3      | Found a sparkling altar of Nemelex Xobeh.
  2156 | D:3      | Found Zaull's Antique Armour Emporium.
  2262 | D:3      | Noticed Robin
  2271 | D:3      | Killed Robin
  2658 | D:3      | Noticed Sigmund
  2672 | D:3      | Killed Sigmund
  2673 | D:3      | Reached skill level 4 in Fire Magic
  2673 | D:3      | Reached XP level 5. HP: 21/31 MP: 1/11
  2673 | D:3      | Reached XP level 6. HP: 24/36 MP: 1/12
  2678 | D:3      | Learned a level 4 spell: Flame Wave
  2846 | D:3      | Noticed Terence
  2918 | D:3      | Killed Terence
  3615 | D:3      | Became a worshipper of Gozag Ym Sagoz the Greedy
  4018 | D:4      | Found a staircase to the Ecumenical Temple.
  4206 | D:4      | Reached XP level 7. HP: 41/41 MP: 10/13
  5190 | D:5      | Entered Level 5 of the Dungeon
  5413 | D:5      | Reached skill level 5 in Spellcasting
  5413 | D:5      | Reached skill level 5 in Fire Magic
  5783 | D:5      | Reached XP level 8. HP: 36/47 MP: 11/16
  6258 | D:5      | Found a stormy altar of Qazlal.
  6273 | D:5      | Reached skill level 6 in Fire Magic
  7075 | D:6      | Noticed Eustachio
  7211 | D:6      | Killed Eustachio
  7212 | D:6      | Reached skill level 7 in Fire Magic
  7212 | D:6      | Reached XP level 9. HP: 44/52 MP: 1/19
  7727 | D:6      | Identified the +4 mace of Intuition {holy, Will+ Int+2}
  7812 | D:7      | Reached skill level 5 in Conjurations
  8242 | D:7      | Reached skill level 8 in Fire Magic
  8286 | D:7      | Found a shimmering altar of Xom.
  8291 | D:7      | Found a blossoming altar of Fedhas.
  8291 | D:7      | Found a hide-covered altar of Uskayaw.
  8399 | D:7      | Found a radiant altar of Vehumet.
  8527 | D:7      | Reached skill level 5 in Stealth
  9328 | D:8      | Reached XP level 10. HP: 43/57 MP: 6/22
 10420 | D:8      | Found a staircase to the Lair.
 10444 | D:8      | Reached skill level 1 in Evocations
 10632 | D:9      | Found a glowing silver altar of Zin.
 10642 | D:9      | Found a flagged portal.
 10694 | Bailey   | Entered a bailey
 10699 | Bailey   | Noticed an orc warlord
 10699 | Bailey   | Found the +4 moon troll leather armour {Spirit, Regen++
                  | MP+5}
 10896 | Bailey   | Reached skill level 1 in Fighting
 10896 | Bailey   | Reached skill level 1 in Unarmed Combat
 11255 | Bailey   | Found a runed translucent gate.
 11257 | Bailey   | Found a runed translucent gate.
 11259 | Bailey   | Acquired a ring of fire
 11264 | Bailey   | Found a runed translucent gate.
 11265 | Bailey   | Noticed an orc knight
 11297 | Bailey   | Killed an orc knight
 11298 | Bailey   | Reached skill level 9 in Fire Magic
 12272 | Bailey   | Slain by an orc warlord

Illustrated notes

Levels and vault maps discovered:
D:1:      erik_arrival_triangle_large, layout_loops_ring
D:2:      layout_loops_ring, dreamdust_ecumenical_altar_statues,
          kennysheep_pointless_box, kennysheep_generic_room_10
D:3:      layout_loops_ring, nemelex_xobeh_ov_fountains_minmay,
          nicolae_kikubaaqudgha_miasma_corner, lemuel_zombie_altar_yredelemnul,
          nicolae_gozag_zags_fifth_avenue, serial_shops,
          nicolae_shop_hallway_plus, st_stairs_11, uniq_terence, uniq_sigmund,
          uniq_robin
D:4:      layout_loops_ring, temple_statues
D:5:      layout_basic, mainiacjoe_overflow_tiny_flanked
D:6:      layout_loops_cross, uniq_eustachio
D:7:      layout_gridville, grunt_temple_overflow_open, serial_bayou_ford_a
D:8:      layout_basic, mainiacjoe_overflow_alcove_1, erik_lair_orcish_takeover,
          introduction_to_nature_1
D:9:      layout_gridville, mainiacjoe_overflow_concentric_impassable,
          kennysheep_little_box, special_room [special_room_bee],
          enter_bailey_4, uniq_harold
Bailey:   bailey_axe_bossmonster_kennysheep, bailey

Skill      XL: |  1  2  3  4  5  6  7  8  9 10 |
---------------+-------------------------------+-----
Spellcasting   | 4 5 6 8 |  8.9
Conjurations   | 2 3 4 6 |  6.5
Stealth        | 3 4 5 |  5.6
Fire Magic     | 4 5 7 8 9 |  9.1
Evocations     | 1 |  1.4
Dodging        | 3 |  3.1
Fighting       | 1 |  1.1
Unarmed Combat | 1 |  1.0

Action                   |  1- 3 |  4- 6 |  7- 9 | 10-12 || total
-------------------------+-------+-------+-------+-------++-------
Melee: Unarmed           |    13 |     7 |     4 |     7 ||    31
       Tentacles         |     7 |     2 |       |     4 ||    13
       Constrict         |     6 |     3 |       |     1 ||    10
 Cast: Foxfire           |    59 |    95 |   191 |   141 ||   486
       Scorch            |       |     8 |    46 |    19 ||    73
       Conjure Flame     |       |       |     1 |     6 ||     7
       Flame Wave        |       |       |     6 |     6 ||    12
Evoke: Wand              |       |       |       |     1 ||     1
  Use: Scroll            |       |       |     5 |     1 ||     6
       Potion            |       |       |     1 |     3 ||     4
Armor: Skin              |     2 |     3 |    22 |    10 ||    37
Dodge: Dodged            |     8 |    33 |    71 |    40 ||   152
